 Dungeon Crawl Stone Soup version 0.28-a0-1199-gef9e1dbd39 (webtiles) character file.

Game seed: 3899528138961274795

0 ytrimaz the Insei (level 1, -2/13 HPs)
             Began as an Octopode Transmuter on Dec 20, 2021.
             Slain by an adder (4 damage)
             ... on level 2 of the Dungeon.
             The game lasted 00:00:08 (151 turns).

ytrimaz the Insei (Octopode Transmuter)              Turns: 151, Time: 00:00:09

Health: -2/13      AC:  1    Str:  9    XL:     1   Next: 10%
Magic:  1/3        EV: 13    Int: 15    God:
Gold:   3          SH:  0    Dex: 12    Spells: 3/4 levels left

rFire   . . .      SeeInvis .     - Unarmed
rCold   . . .      Faith    .   (no shield)
rNeg    . . .      Spirit   .   (helmet currently unavailable)
rPois   .          Reflect  .   (no amulet)
rElec   .          Harm     .   (no ring)
rCorr   .          Rampage  .   (no ring)
Will    .....                   (no ring)
Stlth   ++........              (no ring)
HPRegen 0.04/turn               (no ring)
MPRegen 0.08/turn               (no ring)
                                (no ring)
                                (no ring)

@: appendages (expiring)
A: tentacle spike 3, almost no armour, amphibious, 8 rings, camouflage 1,
gelatinous body 1, (nimble swimmer 1), tentacles
a: End Transformation


You were on level 2 of the Dungeon.
One of your tentacles had grown a beastly spike.
You visited 1 branch of the dungeon, and saw 2 of its levels.

You collected 3 gold pieces.

You aren't carrying anything.


   Skills:
 * Level 1.0 Fighting
 * Level 2.0 Dodging
 + Level 3.0 Unarmed Combat
 * Level 2.0 Spellcasting
 * Level 2.0 Transmutations


You had 3 spell levels left.
You knew the following spells:

 Your Spells              Type           Power      Damage    Failure   Level
a - Beastly Appendage     Tmut           14%        N/A       10%         1

Your spell library contained the following spells:

 Spells                   Type           Power      Damage    Failure   Level
 Wereblood                Tmut           7%         N/A       14%         2
 Spider Form              Tmut/Pois      4%         N/A       41%         3
 Ice Form                 Ice/Tmut       4%         N/A       82%         4


Dungeon Overview and Level Annotations

Branches:
Dungeon (1/15)

Altars:


Innate Abilities, Weirdness & Mutations

One of your tentacles has grown a beastly spike.
You cannot wear most types of armour.
You are amphibious.
You can wear up to eight rings at the same time.
Your skin changes colour to match your surroundings (Stealth+).
Your rubbery body absorbs attacks. (AC +1, EV +1)
((You are camouflaged near water. (Stealth+)))
You have tentacles for arms and can constrict up to eight enemies at once.


Message History

An adder comes into view.
An adder is nearby!
An adder is nearby!
You miscast Beastly Appendage.
You are very lightly contaminated with residual magic.
Nothing appears to happen.
The adder hisses angrily.
You hear an angry hiss.
A ball python comes into view.
The ball python hisses angrily.
One of your tentacles grows a vicious spike.
A ball python comes into view.
You barely miss the adder.
The ball python hisses angrily.
Your grab misses the adder.
You pierce the adder.
The adder is heavily wounded.
The adder completely misses you.
You closely miss the adder. Your grab misses the adder.
You pierce the adder.
The adder is heavily wounded.
The adder bites you.
You tentacle-slap the adder but do no damage.
You grab the adder.
The adder is heavily wounded.
You constrict the adder. The adder barely misses you. The adder bites you.
You barely miss the adder.
The adder is heavily wounded.
You constrict the adder. The adder bites you.
* * * LOW HITPOINT WARNING * * *
Your magical contamination has completely faded away.
You barely miss the adder.
The adder is severely wounded.
You constrict the adder. The adder closely misses you.
Unknown command.
You barely miss the adder. Your squeeze misses the adder.
The adder is severely wounded.
You constrict the adder. The adder barely misses you.
You barely miss the adder.
The adder is almost dead.
Your transformation is almost over.
You constrict the adder. The adder bites you.
You die...

#.#
...
#.#
#.#
#S#
#S#
#S#
#@#
#.#
#.#
#.#
#.#
#.#
#.#
#.#
#.#


You could see an adder and 2 ball pythons.

Vanquished Creatures
  A bat (D:1)
1 creature vanquished.

Notes
Turn   | Place    | Note
-------+----------+-------------------------------------------
     0 | D:1      | ytrimaz the Octopode Transmuter began the quest for the
                  | Orb.
     0 | D:1      | Reached XP level 1. HP: 13/13 MP: 3/3
   140 | D:1      | You fall into a shaft and drop 1 floor!
   151 | D:2      | Slain by an adder

Illustrated notes

Levels and vault maps discovered:
D:1:      saegor_arrival_simple_b, layout_basic, chequers_serial_rivers_small_a,
          nicolae_figureground_pulse
D:2:      kb_forest_paths, layout_basic, basic_ecumenical_altar, st_stairs_5,
          uniq_sigmund

Action                   || total
-------------------------++-------
Melee: Unarmed           ||    11
       Constrict         ||     2
       Kick              ||     2
 Cast: Beastly Appendage ||     2
 Stab: Sleeping          ||     1
Armor: Skin              ||     2
Dodge: Dodged            ||     8

Table legend: (Time is in decaauts)
 A = Elapsed time spent in this place.
 B = Non-inter-level travel time spent in this place.
 C = Inter-level travel time spent in this place.
 D = Time resting spent in this place.
 E = Time spent auto-exploring this place.
 F = Levels seen in this place.
 G = Mean time per level.
                   A        B        C        D        E       F      G
               +--------+--------+--------+--------+--------+-----+--------+
         Total |    150 |    150 |      0 |      0 |    129 |   2 |   75.0 |
       Dungeon |    150 |    150 |      0 |      0 |    129 |   2 |   75.0 |
               +--------+--------+--------+--------+--------+-----+--------+

Top non-repeatable levels by time:
     D:1: 139 daAuts
     D:2: 10 daAuts
